 Dungeon Crawl Stone Soup version 0.17.0-26-gececa24 (webtiles) character file.

4839 MDvedh the Cruncher (level 10, 0/67 HPs)
             Began as a Demonspawn Gladiator on Nov 19, 2015.
             Was an Elder of Okawaru.
             Killed from afar by an orc warrior (22 damage)
             ... with a wand of lightning
             ... on level 8 of the Dungeon.
             The game lasted 00:13:26 (5814 turns).

MDvedh the Cruncher (Demonspawn Gladiator)          Turns: 5814, Time: 00:13:27

Health: 0/67       AC: 12    Str: 21    XL:     10   Next: 25%
Magic:  8/10       EV: 14    Int:  8    God:    Okawaru [****..]
Gold:   16         SH:  0    Dex: 16    Spells: 0 memorised, 9 levels left

rFire  + . .     SeeInvis .     a - +1 quarterstaff
rCold  . . .     Clarity  .     B - +1 scale mail {rPois}
rNeg   . . .     SustAt   .     (shield currently unavailable)
rPois  +         Gourm    .     c - +0 helmet
rElec  .         Spirit   .     h - +1 cloak
rCorr  .         Warding  .     (no gloves)
rMut   .         Stasis   .     (no boots)
MR     .....                    r - amulet of regeneration
Stlth  +.........               (no ring)
                                o - ring "Syseyshu" {rF+ AC+1 Str+3 Int-3 Dex+3}

@: heroism, drained, not resistant to hostile enchantments, very unstealthy
A: hooves 2, spiny 2
a: Heroism, Renounce Religion


You were on level 8 of the Dungeon.
You worshipped Okawaru.
Okawaru was greatly pleased with you.
You were hungry.

You visited 2 branches of the dungeon, and saw 9 of its levels.
You also visited: Bailey.

You collected 16 gold pieces.

Inventory:

Hand Weapons
 a - a +1 quarterstaff (weapon)
Missiles
 d - 3 throwing nets (quivered)
Armour
 c - a +0 helmet (worn)
 h - a +1 cloak (worn)
 B - a +1 scale mail of poison resistance (worn)
Jewellery
 o - the ring "Syseyshu" (left hand) {rF+ AC+1 Str+3 Int-3 Dex+3}
   (You found it on level 8 of the Dungeon)

   [ring of protection]

   It affects your AC (+1).
   It affects your strength (+3).
   It affects your intelligence (-3).
   It affects your dexterity (+3).
   It protects you from fire.
 r - an amulet of regeneration (around neck)
Wands
 g - a wand of frost (29)
 l - a wand of draining (3)
 q - a wand of fire (5)
 s - a wand of magic darts (9)
 y - a wand of flame (27)
Scrolls
 b - 4 scrolls of teleportation
 j - 2 scrolls of remove curse
 n - a scroll of recharging
 p - a scroll of enchant weapon
 C - 2 scrolls of enchant armour
Potions
 i - a potion of might
 k - a potion of ambrosia {unknown}
 t - 3 potions of poison
 x - a potion of lignification {unknown}
 A - a potion of cancellation {unknown}
 D - 4 potions of resistance
 F - a potion of agility {unknown}
Comestibles
 e - 6 bread rations
 f - a beef jerky
 v - 27 fruits


   Skills:
 - Level 2.0(6.4) Fighting
 + Level 13.6(17.9) Staves
 - Level 1.7(6.2) Throwing
 - Level 2.6(7.1) Dodging


You had 9 spell levels left.
You didn't know any spells.

Dungeon Overview and Level Annotations

Branches:
Dungeon (8/15)             Temple (1/1) D:5
   Lair: D:8-11

Altars:
Cheibriados
Dithmenos
Elyvilon
Fedhas
Gozag
Kikubaaqudgha
Makhleb
Nemelex Xobeh
Okawaru
Ru
Trog
Vehumet
Xom
Yredelemnul
Zin

Annotations:
D:7 Maurice


Innate Abilities, Weirdness & Mutations

You have hoof-like feet.
You are mostly covered in sharp spines.


Message History

You start resting.
Your scale mail prevents you from hitting the orc warrior.
You kick the orc warrior, but do no damage.
You hit the orc warrior.
You kick the orc warrior, but do no damage.
The orc warrior is lightly wounded.
The orc warrior zaps a wand.
The bolt of lightning hits you! The bolt of lightning misses you.
The bolt of lightning hits the orc warrior.
You hit the orc warrior but do no damage.
The orc warrior is heavily wounded.
The orc warrior hits you with a long sword!
You hit the orc warrior but do no damage.
The orc warrior is heavily wounded.
You hit the orc warrior but do no damage.
You kick the orc warrior, but do no damage.
The orc warrior is heavily wounded.
The orc warrior zaps a wand.
The bolt of lightning hits you! The bolt of lightning hits you!
You die...

..o.....#.........##...
....[...###....####..#.
............###..........#<
o.......[..##..#.######.#.
###..........#..##.# #.#[
#............(..((.######.#[
#.#o....................)...
##......####....(.......##...
............@.....#####......
#....(#####o....# #######
#.....o.........# #
#.....########### #.....#
#######


You could see an orc warrior.

Vanquished Creatures
  Grinder (D:4)
  The ghost of Raultor the Insei, an amateur OpMo (D:4)
  Sigmund (D:4)
  Eustachio (D:6)
  2 hippogriffs (D:7)
  Edmund (D:6)
  A water moccasin (D:6)
  Duvessa (D:6)
  8 orc warriors
  An ice beast (D:7)
  3 ogres
  3 centaurs
  A crocodile (D:8)
  A big kobold (D:8)
  4 giant frogs
  3 scorpions
  10 killer bees
  Dowan (D:6)
  2 centaur zombies
  A jelly (D:3)
  6 crimson imps
  3 hounds
  3 orc priests
  A wasp zombie (D:8)
  A gnoll shaman (D:4)
  5 orc wizards
  An iguana (D:6)
  3 worker ants
  A killer bee zombie (D:7)
  A hound zombie (D:6)
  A hound skeleton (D:8)
  13 gnolls
  7 adders
  An ooze (D:5)
  An adder skeleton (D:5)
  2 adder zombies
  2 worms
  5 giant geckos
  46 orcs
  A ball python (D:4)
  9 bats
  3 giant cockroaches (D:2)
  16 goblins
  17 hobgoblins
  8 jackals
  3 quokkas
  A giant cockroach zombie (D:5)
  5 giant newts
  6 kobolds
  7 rats
226 creatures vanquished.

Notes
Turn   | Place    | Note
--------------------------------------------------------------
     0 | D:1      | MDvedh the Demonspawn Gladiator began the quest for the Orb.
     0 | D:1      | Reached XP level 1. HP: 16/16 MP: 1/1
   135 | D:1      | Reached skill level 3 in Staves
   186 | D:1      | Gained mutation: You are partially covered in sharp spines. [demonic ancestry]
   186 | D:1      | Reached XP level 2. HP: 17/22 MP: 2/2
   730 | D:2      | Gained mutation: You have large cloven feet. [demonic ancestry]
   730 | D:2      | Reached XP level 3. HP: 25/27 MP: 3/3
   752 | D:2      | Reached skill level 4 in Staves
   786 | D:2      | Gained mutation: You are mostly covered in sharp spines. [demonic ancestry]
   786 | D:2      | Reached XP level 4. HP: 25/33 MP: 4/4
  1204 | D:3      | Reached skill level 5 in Staves
  1247 | D:3      | Reached XP level 5. HP: 38/38 MP: 5/5
  1673 | D:4      | Noticed Raultor's ghost (amateur OpMo)
  1680 | D:4      | Killed Raultor's ghost
  1680 | D:4      | Reached skill level 6 in Staves
  1680 | D:4      | Gained mutation: You have hoof-like feet. [demonic ancestry]
  1680 | D:4      | Reached XP level 6. HP: 35/44 MP: 6/6
  1707 | D:4      | Noticed Grinder
  1718 | D:4      | Paralysed by Grinder for 5 turns
  1733 | D:4      | Paralysed by Grinder for 7 turns
  1745 | D:4      | Paralysed by Grinder for 5 turns
  1746 | D:4      | Killed Grinder
  1746 | D:4      | Reached skill level 7 in Staves
  1746 | D:4      | Reached XP level 7. HP: 46/50 MP: 7/7
  1868 | D:4      | Reached skill level 8 in Staves
  2109 | D:4      | Noticed Sigmund
  2115 | D:4      | Killed Sigmund
  2202 | D:5      | Entered Level 5 of the Dungeon
  2319 | D:5      | Found a staircase to the Ecumenical Temple.
  2360 | Temple   | Entered the Ecumenical Temple
  2370 | Temple   | Became a worshipper of Warmaster Okawaru
  2478 | D:5      | Reached skill level 9 in Staves
  2478 | D:5      | Reached XP level 8. HP: 52/56 MP: 8/8
  2653 | D:5      | Found a sacrificial altar of Ru.
  2971 | D:6      | Reached skill level 10 in Staves
  2997 | D:6      | Noticed Duvessa
  2997 | D:6      | Noticed Dowan
  3007 | D:6      | Killed Dowan
  3007 | D:6      | Reached * piety under Okawaru
  3009 | D:6      | Killed Duvessa
  3209 | D:6      | Noticed Eustachio
  3210 | D:6      | Noticed Edmund
  3227 | D:6      | Reached skill level 11 in Staves
  3227 | D:6      | Reached XP level 9. HP: 55/61 MP: 9/9
  3250 | D:6      | Killed Edmund
  3259 | D:6      | Killed Eustachio
  3259 | D:6      | Reached ** piety under Okawaru
  3736 | D:7      | Found a flagged portal.
  3845 | Bailey   | Entered a bailey
  3994 | Bailey   | Reached skill level 12 in Staves
  4012 | Bailey   | HP: 1/61 [orc warrior/war axe (21)]
  4182 | Bailey   | Noticed an orc warlord
  4253 | D:7      | Reached *** piety under Okawaru
  4811 | D:7      | Reached skill level 13 in Staves
  4833 | D:7      | Reached XP level 10. HP: 63/67 MP: 10/10
  4884 | D:8      | Noticed Maurice
  5254 | D:8      | Reached **** piety under Okawaru
  5459 | D:8      | Found a snail-covered altar of Cheibriados.
  5488 | D:8      | Got a flickering glass ring
  5596 | D:8      | Identified the ring "Syseyshu" {rF+ AC+1 Str+3 Int-3 Dex+3} (You found it on level 8 of the Dungeon)
  5650 | D:8      | HP: 1/67 [orc/wand of draining (11)]
  5814 | D:8      | Killed from afar by an orc warrior

Action                   |  1- 3 |  4- 6 |  7- 9 | 10-12 || total
-------------------------+-------+-------+-------+-------++-------
Melee: Quarterstaff      |    35 |    56 |   290 |    85 ||   466
Invok: Heroism           |       |       |     1 |     2 ||     3
Evoke: Wand              |       |       |     1 |       ||     1
  Use: Scroll            |       |     7 |     7 |     2 ||    16
       Potion            |       |     2 |     1 |     5 ||     8
  Eat: Chunk             |       |     2 |     7 |     2 ||    11
       Meat ration       |       |       |     1 |       ||     1
       Beef jerky        |       |       |       |     2 ||     2
